 Dungeon Crawl Stone Soup version 0.27.1-34-g3ba077fa99 (webtiles) character file.

Game seed: 2265929352027257553

495 mtoz the Skirmisher (level 7, -15/44 HPs)
             Began as a Gargoyle Fighter on Jan 6, 2022.
             Demolished by an ogre (24 damage)
             ... on level 4 of the Dungeon.
             The game lasted 00:09:06 (3675 turns).

mtoz the Skirmisher (Gargoyle Fighter)              Turns: 3675, Time: 00:09:06

Health: -15/44     AC: 15    Str: 22    XL:     7   Next: 15%
Magic:  7/7        EV:  7    Int:  8    God:
Gold:   536        SH: 15    Dex:  9    Spells: 6/6 levels left

rFire    . . .     SeeInvis .   m - +1 hand axe (venom)
rCold    . . .     Faith    .   c - +0 kite shield
rNeg     + . .     Spirit   .   b - +0 scale mail
rPois    ∞         Reflect  +   (no helmet)
rElec    +         Harm     .   (no cloak)
rCorr    .         Rampage  .   n - +2 pair of gloves
Will     +....                  (no boots)
Stlth    ..........             y - amulet of reflection
HPRegen  0.14/turn              t - ring of willpower
MPRegen  0.10/turn              (no ring)

@: mighty
A: sickness immunity, AC +4, negative energy resistance 1, electricity
resistance, torment resistance 1, petrification resistance
a: no special abilities


You were on level 4 of the Dungeon.
You visited 1 branch of the dungeon, and saw 5 of its levels.

You collected 536 gold pieces.

Inventory:

Hand Weapons
 a - a +0 war axe
 m - a +1 hand axe of venom (weapon)
 r - a +3 mace of draining
Armour
 b - a +0 scale mail (worn)
 c - a +0 kite shield (worn)
 n - a +2 pair of gloves (worn)
Jewellery
 j - an amulet of faith
 t - a ring of willpower (left hand)
 y - an amulet of reflection (around neck)
Wands
 q - a wand of acid (12)
 w - a wand of charming (6)
Scrolls
 f - 2 scrolls of magic mapping
 i - a scroll of immolation
 l - a scroll of enchant weapon
 p - a scroll of amnesia
 u - a scroll of teleportation {unknown}
 x - a scroll of blinking {unknown}
Potions
 e - 2 potions of magic {unknown}
 g - 3 potions of heal wounds {unknown}
 h - a potion of attraction {unknown}
 o - a potion of ambrosia {unknown}
 s - 2 potions of curing {unknown}
 v - 2 potions of mutation {unknown}


   Skills:
 + Level 5.1 Fighting
 + Level 3.7 Axes
 + Level 5.1 Armour
 + Level 5.1 Shields


You had 6 spell levels left.
You didn't know any spells.
Your spell library contained the following spells:

 Spells                   Type           Power      Damage    Failure   Level
 Conjure Flame            Conj/Fire      0%         6-21      100%        3
 Ignite Poison            Fire/Tmut/Pois 0%         N/A       100%        3
 Sticky Flame             Conj/Fire      0%         2d3       100%        4


Dungeon Overview and Level Annotations

Branches:
Dungeon (5/15)
 Temple: D:4-7

Altars:
Okawaru
Ru
Vehumet


Innate Abilities, Weirdness & Mutations

You are immune to sickness and miasma.
Your stone body is resilient. (AC +4)
You are immune to poison.
You resist negative energy. (rN+)
You are resistant to electric shocks. (rElec)
You are resistant to unholy torment.
You are immune to petrification.


Message History

y - an amulet of reflection (around neck) Done exploring.
Search for what [Enter for "."]? .
There is a stone staircase leading down here.
You climb downwards.
Found 11 gold pieces.
There is a stone staircase leading up here.
You now have 536 gold pieces (gained 11).
Found a stone staircase leading down.
There is a stone staircase leading up here.
You climb upwards.
There is a stone staircase leading down here.
There is a stone staircase leading down here.
You climb downwards.
The adder hisses angrily.
The ogre shouts!
There is a stone staircase leading up here.
You closely miss the adder. You block the adder's attack. x2
You miss the adder. The adder bites you but does no damage.
You block the adder's attack.
You slash the ogre!
The ogre is poisoned.
The ogre is moderately wounded.
You hit the adder.
The adder is poisoned.
You block the adder's attack.
The ogre hits you with a +0 giant spiked club!
The adder bites you but does no damage.
You closely miss the adder.
The adder is heavily wounded.
You hit the ogre. The adder bites you but does no damage.
The ogre hits you with a +0 giant spiked club!!
Ouch! That really hurt!
* * * LOW HITPOINT WARNING * * *
You are too injured to fight recklessly!
You kill the adder!
The ogre barely misses you.
You climb upwards.
There is a stone staircase leading down here.
Okay, then.
You feel very mighty all of a sudden.
The ogre hits you with a +0 giant spiked club!!
Ouch! That really hurt!
You die...

...........# #.#...#####..##.##.
#.#.#..#...####.#..##..##..##.##<
......##...##....###...#########.
#.#.#(.)........##.....###...##..
.......#...##.###....†.'......##.
#.#.#..#...##.####.....#.......##
......##...##.##.###...#........#
#.#)#.##...##.##.#.##..#.......##
...........##.##@#.###'#......##.
...#####.#.....O..####.###...##..
#### #.####....###.....###'#...
########.# ####.#...).....#.#...
.........# #.#.........#.#...
....###### #.#.........#.'...
###.# #.#.........#.##.. # #.#
#.#.........#.###. ###.######
#.#.........#.# ##


You could see an ogre (very poisoned).

Vanquished Creatures
  Menkaure (D:4)
  A scorpion (D:4)
  A hound (D:4)
  A gnoll shaman (D:4)
  A hound skeleton (D:4)
  5 gnolls (D:4)
  11 adders
  2 ufetubi (D:4)
  An adder skeleton (D:4)
  2 worms (D:2)
  A dart slug (D:1)
  6 orcs
  4 bats
  8 endoplasms
  2 giant cockroaches
  4 goblins
  8 hobgoblins
  6 kobolds
  4 quokkas
  7 ball pythons
  A frilled lizard (D:2)
  5 rats
82 creatures vanquished.

Notes
Turn   | Place    | Note
-------+----------+-------------------------------------------
     0 | D:1      | mtoz the Gargoyle Fighter began the quest for the Orb.
     0 | D:1      | Reached XP level 1. HP: 14/14 MP: 1/1
   198 | D:1      | Reached XP level 2. HP: 19/19 MP: 2/2
   858 | D:2      | Reached XP level 3. HP: 24/24 MP: 3/3
   883 | D:2      | Found a faded altar of an unknown god.
  1337 | D:2      | Reached XP level 4. HP: 20/29 MP: 4/4
  1972 | D:3      | Found an iron altar of Okawaru.
  2068 | D:3      | Found a sacrificial altar of Ru.
  2301 | D:3      | Reached XP level 5. HP: 33/33 MP: 5/5
  2840 | D:4      | Reached XP level 6. HP: 37/39 MP: 6/6
  3252 | D:4      | Noticed Menkaure
  3261 | D:4      | Killed Menkaure
  3262 | D:4      | Reached skill level 5 in Fighting
  3262 | D:4      | Reached skill level 5 in Armour
  3262 | D:4      | Reached skill level 5 in Shields
  3262 | D:4      | Reached XP level 7. HP: 22/44 MP: 7/7
  3504 | D:4      | Found a radiant altar of Vehumet.
  3625 | D:5      | Entered Level 5 of the Dungeon
  3675 | D:4      | Demolished by an ogre

Illustrated notes

Levels and vault maps discovered:
D:1:      saegor_arrival_simple_a, layout_loops_ring,
          minmay_misc_feat_secret_circle
D:2:      layout_basic, shapermc_ecumenical_altar_totnotflames
D:3:      layout_loops_ring, nicolae_overflow_crystal_walls,
          mainiacjoe_overflow_surrounded_room, minivault_23, minmay_fountain_box
D:4:      minmay_polygon_palace, layout_loops_ring, nicolae_vehumet_altar_sigil,
          serial_glass, glass_columns_c, glass_columns_a, glass_columns_b,
          glass_columns_b, glass_columns_c, uniq_menkaure
D:5:      layout_cave_pools, serial_shops, nicolae_square_shop,
          minmay_fractal_squares_gapless_5, uniq_ijyb, uniq_edmund

Skill      XL: |  1  2  3  4  5  6 |
---------------+-------------------+-----
Axes           | 2 3 |  3.7
Shields        | 4 5 |  5.1
Fighting       | 4 5 |  5.1
Armour         | 4 5 |  5.1

Action                   |  1- 3 |  4- 6 |  7- 9 || total
-------------------------+-------+-------+-------++-------
Melee: War axe           |    54 |       |       ||    54
       Hand axe          |    34 |   172 |     9 ||   215
  Use: Scroll            |       |       |     4 ||     4
       Potion            |       |       |     1 ||     1
Armor: Scale mail        |    63 |   121 |     7 ||   191
Dodge: Dodged            |    29 |    62 |     1 ||    92
Block: Kite shield       |    30 |   114 |     6 ||   150
